 Dungeon Crawl Stone Soup version 0.27.0-66-gdc8fb28755 (webtiles) character file.

Game seed: 6051429275033672709

606 Ishikawa the Magician (level 7, -11/51 HPs)
             Began as a Gnoll Hedge Wizard on Aug 20, 2021.
             Killed by divine providence
             ... invoked by an orc priest
              (12 damage)
             ... on level 5 of the Dungeon.
             The game lasted 00:16:36 (5735 turns).

Ishikawa the Magician (Gnoll Hedge Wizard)          Turns: 5735, Time: 00:16:37

Health: -11/51     AC:  2    Str:  9    XL:     7   Next: 42%
Magic:  7/18       EV: 13    Int: 15    God:
Gold:   205        SH:  0    Dex: 12    Spells: 10/21 levels left

rFire    . . .     SeeInvis .   n - +0 dagger (venom)
rCold    . . .     Faith    .   (no shield)
rNeg     . . .     Spirit   .   j - +0 robe
rPois    +         Reflect  .   c - +0 hat
rElec    .         Harm     .   (no cloak)
rCorr    .         Rampage  .   (no gloves)
Will     .....                  (no boots)
Stlth    +++.......             (no amulet)
HPRegen  0.17/turn              m - ring of poison resistance
MPRegen  0.16/turn              (no ring)

@: no status effects
A: fangs 1, strong nose, distributed training
a: no special abilities


You were on level 5 of the Dungeon.
You visited 1 branch of the dungeon, and saw 5 of its levels.

You collected 205 gold pieces.

Inventory:

Hand Weapons
 n - a +0 dagger of venom (weapon)
Armour
 c - a +0 hat (worn)
 j - a +0 robe (worn)
Jewellery
 m - a ring of poison resistance (left hand)
Wands
 e - a wand of paralysis (2)
Scrolls
 b - a scroll of identify
 d - a scroll of amnesia {unknown}
 h - a scroll of blinking {unknown}
 i - a scroll of silence
 k - a scroll of fog {unknown}
 l - a scroll of teleportation {unknown}
 p - a scroll of noise {unknown}
Potions
 a - 3 potions of resistance {unknown}
 f - 2 potions of curing
 g - 2 potions of degeneration {unknown}
 o - a potion of flight {unknown}


   Skills:
 + Level 2.5 Fighting
 + Level 2.5 Short Blades
 + Level 2.5 Long Blades
 + Level 2.5 Axes
 + Level 2.5 Maces & Flails
 + Level 2.5 Polearms
 + Level 2.5 Staves
 + Level 2.5 Slings
 + Level 2.5 Bows
 + Level 2.5 Crossbows
 + Level 2.5 Throwing
 + Level 2.5 Armour
 + Level 5.2 Dodging
 + Level 4.9 Stealth
 + Level 2.5 Shields
 + Level 2.5 Unarmed Combat
 + Level 7.6 Spellcasting
 + Level 3.0 Conjurations
 + Level 2.0 Hexes
 + Level 3.0 Summonings
 + Level 2.0 Necromancy
 + Level 3.0 Translocations
 + Level 2.0 Transmutations
 + Level 2.0 Fire Magic
 + Level 2.0 Ice Magic
 + Level 2.0 Air Magic
 + Level 2.0 Earth Magic
 + Level 2.0 Poison Magic
 + Level 2.7 Invocations
 + Level 2.5 Evocations


You had 10 spell levels left.
You knew the following spells:

 Your Spells              Type           Power      Damage    Failure   Level
a - Magic Dart            Conj           56%        1d5       3%          1
b - Call Imp              Summ           14%        N/A       5%          2
c - Blink                 Tloc           N/A        N/A       5%          2
d - Conjure Flame         Conj/Fire      13%        6-21      13%         3
e - Mephitic Cloud        Conj/Pois/Air  12%        N/A       14%         3

Your spell library contained the following spells:

 Spells                   Type           Power      Damage    Failure   Level
 Corona                   Hex            12%        N/A       5%          1
 Corpse Rot               Necr/Air       N/A        N/A       9%          2
 Ensorcelled Hibernation  Hex/Ice        22%        N/A       9%          2
 Poisonous Vapours        Pois/Air       22%        N/A       9%          2
 Slow                     Hex            11%        N/A       9%          2
 Tukima's Dance           Hex            11%        N/A       16%         3
 Freezing Cloud           Conj/Ice/Air   6%         6-21      78%         5


Dungeon Overview and Level Annotations

Branches:
Dungeon (5/15)
 Temple: D:4-7

Altars:
Nemelex Xobeh


Innate Abilities, Weirdness & Mutations

You have very sharp teeth.
Your uncanny sense of smell can sniff out nearby items.
Your experience applies equally to all skills.


Message History

The centaur barely misses you.
You hit the centaur.
The centaur looks as sick as possible!
You bite the centaur, but do no damage.
The centaur is severely wounded.
You kill the centaur!
Your Conjurations skill increases to level 3!
Your Hexes skill increases to level 2!
Your Summonings skill increases to level 3!
Your Necromancy skill increases to level 2!
Your Translocations skill increases to level 3!
Your Transmutations skill increases to level 2!
Your Fire Magic skill increases to level 2!
Your Ice Magic skill increases to level 2!
Your Air Magic skill increases to level 2!
Your Earth Magic skill increases to level 2!
Your Poison Magic skill increases to level 2!
You swap places.
Something hits you.
* * * LOW HITPOINT WARNING * * *
Items here: $ ( ) †.
You closely miss something.
Your crimson imp blinks!
Something hits you but does no damage.
You hit something.
Your shadow imp closely misses something.
Something hits you but does no damage.
You miss something. You bite something.
Your shadow imp hits something but does no damage.
Your crimson imp blinks!
Something hits you.
* * * LOW HITPOINT WARNING * * *
You barely miss something.
Your shadow imp hits something but does no damage.
Your shadow imp barely misses something.
Your shadow imp hits something but does no damage.
Your crimson imp disappears in a puff of smoke!
Reactivating autopickup.
You feel a bit more experienced.
Your shadow imp hits the orc.
The orc priest calls down the wrath of Beogh upon you.
Beogh smites you!
You die...

#.......#.#
####o####.#####.
#.##..........
#.##.#.#####..
###)##.#.#
#.o5##.#.#
#.#.##.#..
#..§...#.##
###@.........
#.######### #.#
... ##.# #.. ###


You could see an orc priest, an orc (ally target) and a friendly shadow imp
(summoned).

Vanquished Creatures
  An ogre (D:4)
  A centaur (D:5)
  2 scorpions (D:4)
  2 jellies
  2 iguanas
  2 orc wizards
  A hound skeleton (D:2)
  A gnoll (D:4)
  An adder (D:2)
  An adder skeleton (D:4)
  A dart slug (D:3)
  3 orcs
  5 bats
  7 endoplasms
  4 giant cockroaches
  5 goblins
  4 hobgoblins
  5 jackals (D:4)
  4 ball pythons
  4 frilled lizards
  8 kobolds
  10 rats
74 creatures vanquished.

Vanquished Creatures (collateral kills)
  A scorpion (D:5)
  A centaur skeleton (D:4)
  A jelly (D:5)
  An iguana (D:4)
  3 gnolls (D:4)
  5 adders
  2 worms
  2 dart slugs
  2 orcs
  An endoplasm (D:4)
  A giant cockroach (D:2)
  2 goblins (D:4)
  2 jackals (D:4)
  2 kobolds
26 creatures vanquished.

Grand Total: 100 creatures vanquished

Notes
Turn   | Place    | Note
-------+----------+-------------------------------------------
     0 | D:1      | Ishikawa the Gnoll Hedge Wizard began the quest for the
                  | Orb.
     0 | D:1      | Reached XP level 1. HP: 13/13 MP: 8/8
   329 | D:1      | Reached XP level 2. HP: 17/19 MP: 7/10
   332 | D:1      | Learned a level 2 spell: Call Imp
   335 | D:1      | Learned a level 2 spell: Blink
  1309 | D:2      | Reached XP level 3. HP: 25/25 MP: 7/11
  1798 | D:2      | Reached skill level 1 in Invocations
  1916 | D:2      | Found a sparkling altar of Nemelex Xobeh.
  2063 | D:2      | Reached skill level 1 in Fighting
  2063 | D:2      | Reached skill level 1 in Short Blades
  2063 | D:2      | Reached skill level 1 in Long Blades
  2063 | D:2      | Reached skill level 1 in Axes
  2063 | D:2      | Reached skill level 1 in Maces & Flails
  2063 | D:2      | Reached skill level 1 in Polearms
  2063 | D:2      | Reached skill level 1 in Staves
  2063 | D:2      | Reached skill level 1 in Slings
  2063 | D:2      | Reached skill level 1 in Bows
  2063 | D:2      | Reached skill level 1 in Crossbows
  2063 | D:2      | Reached skill level 1 in Throwing
  2063 | D:2      | Reached skill level 1 in Armour
  2063 | D:2      | Reached skill level 1 in Shields
  2063 | D:2      | Reached skill level 1 in Unarmed Combat
  2063 | D:2      | Reached skill level 1 in Evocations
  2396 | D:2      | Reached XP level 4. HP: 32/32 MP: 11/13
  2838 | D:3      | Reached skill level 1 in Hexes
  2838 | D:3      | Reached skill level 1 in Necromancy
  2838 | D:3      | Reached skill level 1 in Transmutations
  2838 | D:3      | Reached skill level 1 in Fire Magic
  2838 | D:3      | Reached skill level 1 in Ice Magic
  2838 | D:3      | Reached skill level 1 in Air Magic
  2838 | D:3      | Reached skill level 1 in Earth Magic
  2838 | D:3      | Reached skill level 1 in Poison Magic
  2849 | D:3      | Learned a level 3 spell: Conjure Flame
  2853 | D:3      | Learned a level 3 spell: Mephitic Cloud
  2994 | D:3      | Found a faded altar of an unknown god.
  3535 | D:4      | Reached XP level 5. HP: 32/37 MP: 3/14
  4100 | D:4      | Reached XP level 6. HP: 38/44 MP: 9/16
  4199 | D:4      | Reached skill level 5 in Dodging
  5355 | D:5      | Entered Level 5 of the Dungeon
  5398 | D:5      | Reached XP level 7. HP: 50/50 MP: 9/18
  5728 | D:5      | HP: 1/51 [something (2)]
  5735 | D:5      | Killed from afar by an orc priest

Illustrated notes

Levels and vault maps discovered:
D:1:      dpeg_arrival_long_road, layout_basic
D:2:      layout_loops_ring, basic_altar, nrook_campfire,
          minmay_increasing_density
D:3:      layout_loops_ring, shapermc_ecumenical_altar_mp_vishouse,
          chequers_serial_rivers_micro_e
D:4:      layout_loops_ring, kennysheep_opposing_triangles
D:5:      layout_basic, nicolae_dithmenos_the_darkroom

Skill      XL: |  1  2  3  4  5  6  7 |
---------------+----------------------+-----
Conjurations   | 2 3 |  3.0
Summonings     | 2 3 |  3.0
Translocations | 2 3 |  3.0
Invocations    | 1 2 |  2.7
Fighting       | 1 2 |  2.5
Short Blades   | 1 2 |  2.5
Long Blades    | 1 2 |  2.5
Axes           | 1 2 |  2.5
Maces & Flails | 1 2 |  2.5
Polearms       | 1 2 |  2.5
Staves         | 1 2 |  2.5
Slings         | 1 2 |  2.5
Bows           | 1 2 |  2.5
Crossbows      | 1 2 |  2.5
Throwing       | 1 2 |  2.5
Armour         | 1 2 |  2.5
Shields        | 1 2 |  2.5
Unarmed Combat | 1 2 |  2.5
Evocations     | 1 2 |  2.5
Hexes          | 1 2 |  2.0
Necromancy     | 1 2 |  2.0
Transmutations | 1 2 |  2.0
Fire Magic     | 1 2 |  2.0
Ice Magic      | 1 2 |  2.0
Air Magic      | 1 2 |  2.0
Earth Magic    | 1 2 |  2.0
Poison Magic   | 1 2 |  2.0
Dodging        | 5 |  5.2
Stealth        | |  4.9
Spellcasting   | |  7.6

Action                   |  1- 3 |  4- 6 |  7- 9 || total
-------------------------+-------+-------+-------++-------
Melee: Dagger            |     5 |    57 |    18 ||    80
       Short sword       |    46 |    33 |       ||    79
       Bite              |     2 |     8 |     3 ||    13
       Punch             |       |       |     1 ||     1
 Cast: Magic Dart        |    35 |    57 |     4 ||    96
       Call Imp          |    12 |    41 |     7 ||    60
       Mephitic Cloud    |       |     3 |     2 ||     5
       Blink             |       |     2 |       ||     2
  Use: Scroll            |       |     2 |       ||     2
 Stab: Sleeping          |     1 |     5 |     2 ||     8
Armor: Robe              |     6 |     9 |     2 ||    17
Dodge: Dodged            |    41 |    73 |    15 ||   129
